 Dungeon Crawl Stone Soup version 0.24-a0-125-gdf024910ca (webtiles) character file.

Game seed: 5794614343892450171

79 Hercules1031 the Skirmisher (level 4, 0/35 HPs)
             Began as a Demonspawn Fighter on Feb 23, 2019.
             Slain by an ogre
             ... wielding a +4 great mace
              (25 damage)
             ... on level 3 of the Dungeon.
             The game lasted 00:05:05 (1659 turns).

Hercules1031 the Skirmisher (Demonspawn Fighter)    Turns: 1659, Time: 00:05:05

Health: 0/35       AC:  7    Str: 17    XL:     4   Next: 16%
Magic:  4/4        EV:  7    Int:  9    God:
Gold:   131        SH: 10    Dex: 13    Spells: 3/3 levels left

rFire    . . .     SeeInvis .   g - +2 hand axe (flame)
rCold    . . .     Gourm    .   c - +1 shield
rNeg     . . .     Faith    .   b - +0 scale mail
rPois    .         Spirit   .   (helmet restricted)
rElec    .         Reflect  .   h - +0 cloak {+Inv}
rCorr    .         Harm     .   (no gloves)
MR       .....                  (no boots)
Stlth    ..........             n - amulet of the acrobat
HPRegen  0.11/turn              (no ring)
MPRegen  0.09/turn              (no ring)

@: no status effects
A: antennae 1
a: Evoke Invisibility


You were on level 3 of the Dungeon.
You were full.

You visited 1 branch of the dungeon, and saw 3 of its levels.

You collected 131 gold pieces.

Inventory:

Hand Weapons
 a - a +0 war axe
 g - a +2 hand axe of flaming (weapon)
 j - a +0 mace of protection
Armour
 b - a +0 scale mail (worn)
 c - a +1 shield (worn)
 h - a +0 cloak of invisibility (worn)
Jewellery
 n - an amulet of the acrobat (around neck)
Wands
 o - a wand of random effects (19)
Scrolls
 l - 2 scrolls of teleportation
Potions
 d - a potion of might
 e - a potion of degeneration {unknown}
 i - 2 potions of curing {unknown}
 k - a potion of agility {unknown}
 m - a potion of heal wounds {unknown}
Comestibles
 f - 3 rations


   Skills:
 + Level 3.5 Fighting
 + Level 2.3 Axes
 + Level 3.1 Armour
 + Level 1.2 Dodging
 + Level 3.1 Shields


You had 3 spell levels left.
You didn't know any spells.
Your spell library was empty.

Dungeon Overview and Level Annotations

Branches:
Dungeon (3/15)

Altars:
Makhleb
Okawaru
Xom
Zin

Annotations:
D:3 1 transporter, elum's ghost, amateur DsWz


Innate Abilities, Weirdness & Mutations

You have a pair of small antennae on your head.


Message History

You block the kobold's attack. The kobold hits you but does no damage.
You barely miss the kobold.
The kobold is severely wounded.
Elum's ghost whispers, "There is no future for you."
The kobold barely misses you.
You slash the kobold! You burn the kobold.
You kill the kobold!
You see here a kobold corpse.
There is a transporter here.
You see here a rat corpse.
You enter the transporter and appear at another place.
Elum's ghost casts a spell.
Elum's ghost blinks!
The ogre hits you with a +4 great mace! You block the ogre's attack.
You hit the ogre but do no damage. You hit the ogre. You burn the ogre.
Elum's ghost mumbles some strange words.
Elum's ghost blinks!
The ogre hits you with a +4 great mace!!
Ouch! That really hurt!
You die...

........†.#......†.
....[.....#........
########...#........
#...W..#...#.....(..
#.#..#.#...#........
#..##§.#...#....##..
#..##..#...#....##..
#.#..#.#©..#....##..
#©.@O.?#...#....##..
#.#.O#W#©†.......
#..##..#.#.##....
#..##..#.#.# ...
#.#..#.#.... ..
#.....©#.....
########.....#
........ .........


You could see 2 ogres and elum's ghost.

Vanquished Creatures
  2 adders
  A worm (D:3)
  2 dart slugs (D:1)
  2 leopard geckos
  An orc (D:3)
  A giant cockroach (D:1)
  12 goblins
  5 hobgoblins
  A ball python (D:1)
  9 bats
  3 frilled lizards
  5 kobolds
  6 rats
  A butterfly (D:2)
51 creatures vanquished.

Notes
Turn   | Place    | Note
-------+----------+-------------------------------------------
     0 | D:1      | Hercules1031 the Demonspawn Fighter began the quest for the
                  | Orb.
     0 | D:1      | Reached XP level 1. HP: 18/18 MP: 1/1
   153 | D:1      | Gained mutation: You have a pair of small antennae on your
                  | head. [demonic ancestry]
   153 | D:1      | Reached XP level 2. HP: 18/24 MP: 2/2
   469 | D:1      | Reached XP level 3. HP: 29/29 MP: 3/3
   671 | D:2      | Reached skill level 1 in Dodging
   870 | D:2      | Found a shimmering altar of Xom.
   942 | D:2      | Found an iron altar of Okawaru.
  1453 | D:3      | Reached XP level 4. HP: 33/35 MP: 4/4
  1455 | D:3      | Found a burning altar of Makhleb.
  1458 | D:3      | Noticed a green death
  1459 | D:3      | Found a glowing silver altar of Zin.
  1460 | D:3      | Noticed an angel
  1635 | D:3      | Noticed elum's ghost (amateur DsWz)
  1636 | D:3      | Found a transporter.
  1637 | D:3      | Noticed an ogre
  1639 | D:3      | Noticed an ogre
  1640 | D:3      | Found a transporter.
  1659 | D:3      | Slain by an ogre

Levels and vault maps discovered:
D:1:      eino_arrival_tree_alley, layout_basic, st_stairs_11,
          chequers_serial_rivers_micro_d
D:2:      layout_loops_corners, okawaru_trees_2, xom_butterflies, minmay_3d_cube
D:3:      layout_basic, grunt_temple_overflow_order_and_chaos_2,
          gammafunk_ghost_smash

Skill      XL: |  1  2  3 |
---------------+----------+-----
Axes           | 2 |  2.3
Armour         | 3 |  3.1
Dodging        | 1 |  1.2
Shields        | 3 |  3.1
Fighting       | |  3.5

Action                   |  1- 3 |  4- 6 || total
-------------------------+-------+-------++-------
Melee: War axe           |    54 |       ||    54
       Hand axe          |    57 |    28 ||    85
  Use: Scroll            |     8 |     1 ||     9
  Eat: Ration            |     2 |       ||     2
Armor: Scale mail        |    41 |     8 ||    49
Dodge: Dodged            |    46 |    16 ||    62
Block: Shield            |    59 |    17 ||    76

Table legend:
 A = Non-vault XP
 B = Vault XP
 C = Vault XP percentage of total XP
 D = Non-vault monster count
 E = Vault monster count
 F = Vault count percentage of total count
                 A         B        C        D         E       F
            +---------+---------+-------+---------+---------+-------
      Total |     103 |      10 |   8.8 |      44 |       6 |  12.0
            +---------+---------+-------+---------+---------+-------
        D:1 |      43 |       5 |  10.4 |      24 |       3 |  11.1
        D:2 |      21 |       5 |  19.2 |       7 |       3 |  30.0
        D:3 |      39 |       0 |   0.0 |      13 |       0 |   0.0
            +---------+---------+-------+---------+---------+-------
